 Dungeon Crawl Stone Soup version 0.28-a0-728-g0181a31188 (webtiles) character file.

Game seed: 2702531829283576861

291 EiAlmux the Chiller (level 6, 0/44 HPs)
             Began as a Merfolk Ice Elementalist on Oct 28, 2021.
             Slain by a bullfrog zombie (2 damage)
             ... on level 5 of the Dungeon.
             The game lasted 00:12:35 (5479 turns).

EiAlmux the Chiller (Merfolk Ice Elementalist)      Turns: 5479, Time: 00:12:36

Health: 0/44       AC:  3    Str:  9    XL:     6   Next: 32%
Magic:  5/20       EV: 14    Int: 16    God:
Gold:   328        SH:  0    Dex: 20    Spells: 1/11 levels left

rFire   . . .      SeeInvis .   c - +0 short sword
rCold   . . .      Faith    .   (no shield)
rNeg    + . .      Spirit   .   x - +0 leather armour
rPois   .          Reflect  .   (no helmet)
rElec   .          Harm     .   (no cloak)
rCorr   +          Rampage  .   (no gloves)
Will    .....                   (no boots)
Stlth   +++.......              (no amulet)
HPRegen 0.14/turn               d - ring "Moawilu" {rN+ rCorr MP+9 Dex+6}
MPRegen 0.17/turn               (no ring)

@: no status effects
A: (nimble swimmer 2), mertail
a: no special abilities


You were on level 5 of the Dungeon.
You visited 1 branch of the dungeon, and saw 5 of its levels.
You also visited: Sewer.

You collected 328 gold pieces.

Inventory:

Hand Weapons
 c - a +0 short sword (weapon)
Armour
 a - a +0 robe
 x - a +0 leather armour (worn)
Magical Staves
 e - a staff of poison
Jewellery
 d - the ring "Moawilu" (left hand) {rN+ rCorr MP+9 Dex+6}
   (You acquired it on level 3 of the Dungeon)

   [ring of dexterity]

   Dex:       It affects your dexterity (+6).
   rN:        It protects you from negative energy.
   MP:        It affects your magic capacity (+9).
   rCorr:     It protects you from acid and corrosion.
Wands
 m - a wand of iceblast (7)
 n - a wand of digging (6)
Scrolls
 b - a scroll of blinking
 f - a scroll of magic mapping {unknown}
 g - a scroll of enchant armour {unknown}
 j - a scroll of amnesia {unknown}
 p - a scroll of vulnerability {unknown}
 q - a scroll of noise {unknown}
 v - a scroll of fog {unknown}
Potions
 h - a potion of might {unknown}
 i - a potion of magic {unknown}
 k - 3 potions of attraction
 l - a potion of haste
 o - a potion of flight {unknown}
 r - a potion of degeneration {unknown}
 s - a potion of curing {unknown}
 t - a potion of mutation {unknown}
 u - a potion of ambrosia {unknown}
 w - a potion of brilliance {unknown}


   Skills:
 - Level 2.0 Fighting
 + Level 4.3 Dodging
 - Level 4.0 Stealth
 + Level 3.3 Spellcasting
 + Level 5.5 Ice Magic


You had one spell level left.
You knew the following spells:

 Your Spells              Type           Power      Damage    Failure   Level
a - Freeze                Ice            80%        1d9       2%          1
b - Frozen Ramparts       Ice            40%        1d6       8%          3
c - Ozocubu's Armour      Ice            20%        N/A       8%          3
z - Dazzling Flash        Conj/Hex       4%         N/A       58%         3

Your spell library contained the following spells:

 Spells                   Type           Power      Damage    Failure   Level
 Ensorcelled Hibernation  Hex/Ice        22%        N/A       12%         2
 Spider Form              Tmut/Pois      1%         N/A       58%         3
 Hailstorm                Conj/Ice       11%        3d5       63%         4
 Agony                    Necr           2%         N/A       100%        5
 Silence                  Hex/Air        1%         N/A       100%        5


Dungeon Overview and Level Annotations

Branches:
Dungeon (5/15)              Sewer (visited)
 Temple: D:4-7

Altars:
Beogh

Annotations:
D:4 Eustachio


Innate Abilities, Weirdness & Mutations

((You are quick and stealthy near water. (Stealth+, EV+, Speed+++)))
Your lower body shifts to a powerful aquatic tail in water.


Message History

The bullfrog zombie is lightly damaged.
The bullfrog zombie completely resists.
The wall freezes the bullfrog zombie but does no damage.
The bullfrog zombie hits you.
* * * LOW HITPOINT WARNING * * *
The bullfrog zombie completely resists.
The wall freezes the bullfrog zombie but does no damage.
The bullfrog zombie hits you.
* * * LOW HITPOINT WARNING * * *
You hit the bullfrog zombie.
The bullfrog zombie is moderately damaged.
The bullfrog zombie completely resists.
The wall freezes the bullfrog zombie but does no damage.
The bullfrog zombie hits you but does no damage.
You hit the bullfrog zombie but do no damage.
The bullfrog zombie is moderately damaged.
The bullfrog zombie completely resists.
The wall freezes the bullfrog zombie but does no damage.
The bullfrog zombie hits you.
* * * LOW HITPOINT WARNING * * *
The bullfrog zombie completely resists.
The wall freezes the bullfrog zombie but does no damage.
The bullfrog zombie closely misses you.
You barely miss the bullfrog zombie.
The bullfrog zombie is moderately damaged.
The bullfrog zombie resists.
The wall freezes the bullfrog zombie.
The bullfrog zombie hits you.
* * * LOW HITPOINT WARNING * * *
Your icy armour and frozen ramparts will break if you move.
Continue?
Your icy armour cracks and falls away as you move.
The frozen ramparts melt away as you move.
The bullfrog zombie hits you.
* * * LOW HITPOINT WARNING * * *
The bullfrog zombie hits you but does no damage.
The bullfrog zombie hits you.
* * * LOW HITPOINT WARNING * * *
The bullfrog zombie completely misses you.
There is an open door here.
The bullfrog zombie hits you.
You die...

#.....# ##.##.#
#.....#####..#'##
##........#....(#
#........#.....#
#........#.....#
#.......##.....# .#
#............>.# .#
#......##......# .+
#.....@##......# .#
######Z##...########
.# #####'#######.....#
.#
#(......#####.....##.#
#.................#..#
#.................#...
#.................'...
########......#####...
###+##.# #...


You could see a bullfrog zombie.

Vanquished Creatures
  Purgy (Sewer)
  8 adders
  2 adder skeletons
  2 dart slugs
  6 worms
  4 orcs
  7 endoplasms
  8 giant cockroaches
  10 hobgoblins
  4 jackals (D:4)
  7 kobolds
  3 quokkas
  7 ball pythons
  13 bats
  A frilled lizard (D:3)
  7 goblins
  6 rats
96 creatures vanquished.

Notes
Turn   | Place    | Note
-------+----------+-------------------------------------------
     0 | D:1      | EiAlmux the Merfolk Ice Elementalist began the quest for
                  | the Orb.
     0 | D:1      | Reached XP level 1. HP: 13/13 MP: 3/3
     2 | D:1      | Noticed a troll
     2 | D:1      | Noticed a dwarf
     4 | D:1      | Noticed a spriggan
     4 | D:1      | Noticed an octopode
     6 | D:1      | Noticed a human
    12 | D:1      | Noticed a ghoul
    12 | D:1      | Noticed a gargoyle
    14 | D:1      | Noticed a demigod
    14 | D:1      | Noticed a formicid
    16 | D:1      | Noticed a felid
    16 | D:1      | Noticed a minotaur
    18 | D:1      | Noticed an elf
    18 | D:1      | Noticed a naga
    20 | D:1      | Noticed a merfolk
    20 | D:1      | Noticed a tengu
    22 | D:1      | Noticed a draconian
    22 | D:1      | Noticed a vampire
    24 | D:1      | Noticed a demonspawn
    24 | D:1      | Noticed a vine stalker
    26 | D:1      | Noticed an ogre
   495 | D:1      | Reached skill level 1 in Fighting
   495 | D:1      | Reached XP level 2. HP: 16/21 MP: 0/5
  1161 | D:1      | Found a faded altar of an unknown god.
  1617 | D:2      | Reached XP level 3. HP: 26/26 MP: 2/6
  2368 | D:2      | Reached XP level 4. HP: 14/33 MP: 0/7
  2915 | D:3      | Identified a scroll of acquirement
  2916 | D:3      | Acquired the ring "Moawilu" {rN+ rCorr MP+9 Dex+6}
  3159 | D:3      | Found a glowing drain.
  3171 | Sewer    | Entered a sewer
  3304 | Sewer    | Noticed Purgy
  3327 | Sewer    | Learned a level 3 spell: Frozen Ramparts
  3331 | Sewer    | Learned a level 3 spell: Dazzling Flash
  3447 | Sewer    | Killed Purgy
  3448 | Sewer    | Reached skill level 5 in Ice Magic
  3448 | Sewer    | Reached XP level 5. HP: 20/38 MP: 8/9
  3596 | Sewer    | Learned a level 3 spell: Ozocubu's Armour
  4244 | D:3      | You fall into a shaft and drop 1 floor!
  4256 | D:4      | Reached XP level 6. HP: 44/44 MP: 10/10
  5230 | D:4      | Noticed Eustachio
  5239 | D:5      | Entered Level 5 of the Dungeon
  5473 | D:5      | HP: 1/44 [bullfrog zombie (3)]
  5479 | D:5      | Slain by a bullfrog zombie

Illustrated notes

Levels and vault maps discovered:
D:1:      kb_arrival_jail, layout_loops_ring,
          hellmonk_ecumenical_altar_defaced_shrine
D:2:      layout_loops_ring, minmay_ruptured
D:3:      layout_basic, portal_sewer_entry_f, minmay_quantized
D:4:      layout_loops_corners, uniq_eustachio
D:5:      layout_basic, minmay_quadrilaterals

Skill      XL: |  1  2  3  4  5  6 |
---------------+-------------------+-----
Fighting       | 1 2 |  2.0
Stealth        | 3 4 |  4.0
Dodging        | 3 4 |  4.3
Spellcasting   | 3 |  3.3
Ice Magic      | 5 |  5.5

Action                   |  1- 3 |  4- 6 || total
-------------------------+-------+-------++-------
Melee: Unarmed           |     7 |       ||     7
       Short sword       |    27 |    39 ||    66
 Cast: Freeze            |    69 |    81 ||   150
       Frozen Ramparts   |       |    14 ||    14
       Ozocubu's Armour  |       |     2 ||     2
  Use: Scroll            |       |     4 ||     4
 Stab: Sleeping          |     3 |     5 ||     8
Armor: Robe              |    14 |    18 ||    32
       Leather armour    |       |     7 ||     7
Dodge: Dodged            |    56 |    85 ||   141

Table legend: (Time is in decaauts)
 A = Elapsed time spent in this place.
 B = Non-inter-level travel time spent in this place.
 C = Inter-level travel time spent in this place.
 D = Time resting spent in this place.
 E = Time spent auto-exploring this place.
 F = Levels seen in this place.
 G = Mean time per level.
                   A        B        C        D        E       F      G
               +--------+--------+--------+--------+--------+-----+--------+
         Total |   5481 |   5187 |    294 |    391 |   3969 |   6 |  913.5 |
       Dungeon |   5016 |   4722 |    294 |     59 |   3939 |   5 | 1003.2 |
         Sewer |    464 |    464 |      0 |    332 |     30 |   1 |  464.0 |
               +--------+--------+--------+--------+--------+-----+--------+

Top non-repeatable levels by time:
     D:2: 1640 daAuts
     D:3: 1452 daAuts
     D:1: 1273 daAuts
   Sewer: 464 daAuts
     D:4: 409 daAuts
     D:5: 240 daAuts
